 Dungeon Crawl Stone Soup version 0.25.1-2-g60ff931df9 (webtiles) character file.

Game seed: 15510725812568683188

6442 hawla the Cleaver (level 10, -1/90 HPs)
             Began as a Minotaur Berserker on Oct 18, 2020.
             Was a High Priest of Trog.
             Slain by an orc warrior
             ... wielding a +0 flail
              (14 damage)
             ... on level 9 of the Dungeon.
             The game lasted 00:22:34 (10026 turns).

hawla the Cleaver (Minotaur Berserker)             Turns: 10026, Time: 00:22:35

Health: -1/90      AC: 12    Str: 25    XL:     10   Next: 67%
Magic:  13/13      EV: 13    Int:  4    God:    Trog [*****.]
Gold:   470        SH:  0    Dex: 16    Spells: 9/9 levels left

rFire    . . .     SeeInvis .   g - +1 war axe
rCold    . . .     Gourm    .   (no shield)
rNeg     . . .     Faith    .   G - +0 chain mail
rPois    +         Spirit   .   (helmet restricted)
rElec    .         Reflect  .   b - scarf {repulsion}
rCorr    .         Harm     .   (no gloves)
MR       .....                  o - +0 pair of boots
Stlth    ..........             d - amulet of magic regeneration
HPRegen  0.25/turn              l - ring of poison resistance
MPRegen  0.38/turn              n - +6 ring of dexterity

@: mighty, repel missiles
A: retaliatory headbutt, horns 2
a: Berserk, Trog's Hand, Brothers in Arms, Renounce Religion


You were on level 9 of the Dungeon.
You worshipped Trog.
Trog was extremely pleased with you.
You were not hungry.

You visited 1 branch of the dungeon, and saw 10 of its levels.

You collected 806 gold pieces.
You spent 336 gold pieces at shops.

Inventory:

Hand Weapons
 a - a +2 mace of protection
 g - a +1 war axe (weapon)
Missiles
 f - a throwing net
 j - 6 boomerangs (quivered)
 r - 50 poisoned darts
Armour
 b - a scarf of repulsion (worn)
 o - a +0 pair of boots (worn)
 q - a +0 plate armour
 G - a +0 chain mail (worn)
Jewellery
 d - an amulet of magic regeneration (around neck)
 l - a ring of poison resistance (left hand)
 n - a +6 ring of dexterity (right hand)
 C - a +4 ring of evasion
Wands
 v - a wand of disintegration (12)
 w - a wand of paralysis (12)
 x - a wand of iceblast (9)
 z - a wand of flame (8)
Scrolls
 i - a scroll of fear {unknown}
 k - 2 scrolls of remove curse
 y - a scroll of enchant armour
 E - a scroll of identify
 F - 2 scrolls of random uselessness {unknown}
Potions
 e - a potion of mutation
 h - 3 potions of might
 s - a potion of invisibility
 t - a potion of brilliance
 u - a potion of stabbing {unknown}
 A - 4 potions of curing {unknown}
 B - a potion of degeneration {unknown}
 D - a potion of berserk rage {unknown}
Comestibles
 c - 23 rations


   Skills:
 + Level 8.4 Fighting
 + Level 11.7(11.9) Axes
 + Level 3.5(8.4) Maces & Flails
 + Level 0.8 Throwing
 + Level 7.8 Armour
 * Level 7.8 Dodging
 * Level 5.5 Evocations


You had 9 spell levels left.
You didn't know any spells.
Your spell library was empty.

Dungeon Overview and Level Annotations

Branches:
Dungeon (10/15)            Temple (0/1) D:7            Lair (0/6) D:9
    Orc (0/2) D:9

Altars:
Cheibriados
Dithmenos
Fedhas
Kikubaaqudgha
Nemelex Xobeh
Vehumet
The Shining One

Shops:
D:5 }   D:7 *

Annotations:
D:4 2 transporters, merlinx42's ghost, amateur MiGl


Innate Abilities, Weirdness & Mutations

You reflexively headbutt those who attack you in melee.
You have a pair of horns on your head.


Message History

You slash the orc warrior!
The orc warrior is severely wounded.
The orc warrior barely misses you.
You closely miss the orc warrior.
The orc warrior is severely wounded.
The orc warrior hits you with a +0 flail!
* * * LOW HITPOINT WARNING * * *
You completely miss the orc warrior. Your headbutt misses the orc warrior.
The orc warrior is severely wounded.
You feel very mighty all of a sudden. The orc warrior barely misses you.
You furiously retaliate!
You headbutt the orc warrior.
Your chain mail prevents you from hitting the orc warrior.
Your headbutt misses the orc warrior.
The orc warrior is severely wounded.
The orc warrior completely misses you.
You hit the orc warrior but do no damage.
The orc warrior is severely wounded.
The orc warrior hits you with a +0 flail!
You die...

#####....#.#.###..#...#
..<...#.##........##.##
#######.####.....###.#
#.# ####### #.# ##+##
#)# ##...## #####)##
##.....## #...[).#
##.......## #)[##..#
###.........####@).#..#
..+.........+..[o)....#
###.........####....#.#
#..........## #..#.#.#
#..#......## #.##.#.#
..###.....# #.##[#.#
..###..##.# #......#
#..#..###.# ####.###
#(....##..#### #.#


You could see an orc warrior.

Vanquished Creatures
  A two-headed ogre (D:9)
  Prince Ribbit (D:9)
  3 yaks (D:9)
  Menkaure (D:5)
  2 wargs (D:9)
  An ice beast (D:8)
  A sky beast (D:9)
  11 orc warriors
  A black bear (D:9)
  A phantom (D:6)
  7 ogres
  6 centaurs
  A crocodile (D:10)
  4 bullfrogs
  A gnoll sergeant (D:9)
  A wyvern skeleton (D:6)
  4 scorpions
  3 howler monkeys (D:8)
  5 crimson imps
  A quasit (D:7)
  8 jellies
  4 orc priests
  A gnoll shaman (D:7)
  6 hounds
  9 orc wizards
  A bullfrog skeleton (D:9)
  2 iguanas (D:9)
  5 worker ants
  A hound skeleton (D:7)
  12 gnolls
  10 adders
  2 shadow imps
  7 oozes
  An adder zombie (D:7)
  4 adder skeletons
  7 dart slugs (D:4)
  10 leopard geckos
  25 orcs
  2 ball pythons
  8 bats
  5 giant cockroaches
  8 goblins
  7 hobgoblins
  6 jackals
  6 quokkas
  3 frilled lizards
  A jackal skeleton (D:2)
  3 kobolds
  A leopard gecko skeleton (D:5)
  A leopard gecko zombie (D:6)
  A quokka skeleton (D:5)
  A quokka zombie (D:9)
  15 rats
239 creatures vanquished.

Vanquished Creatures (others)
  16 plants (D:10)
16 creatures vanquished.

Grand Total: 255 creatures vanquished

Notes
Turn   | Place    | Note
-------+----------+-------------------------------------------
     0 | D:1      | hawla the Minotaur Berserker began the quest for the Orb.
     0 | D:1      | Reached XP level 1. HP: 19/19 MP: 0/0
   222 | D:1      | Reached XP level 2. HP: 27/27 MP: 1/1
   261 | D:1      | Reached skill level 4 in Axes
   868 | D:2      | Reached XP level 3. HP: 30/33 MP: 2/2
  1179 | D:2      | Reached ** piety under Trog
  1319 | D:2      | Reached XP level 4. HP: 37/41 MP: 3/3
  1320 | D:2      | Reached skill level 5 in Axes
  2348 | D:4      | Found a transporter.
  2352 | D:4      | Noticed merlinx42's ghost (amateur MiGl)
  2361 | D:4      | Found a transporter.
  2395 | D:4      | Reached XP level 5. HP: 44/47 MP: 4/4
  2510 | D:4      | Found a glowing golden altar of the Shining One.
  2519 | D:4      | Reached skill level 6 in Axes
  2803 | D:5      | Entered Level 5 of the Dungeon
  2882 | D:5      | Noticed Menkaure
  2894 | D:5      | Killed Menkaure
  2894 | D:5      | Reached XP level 6. HP: 21/53 MP: 5/5
  3416 | D:5      | Found a sparkling altar of Nemelex Xobeh.
  3418 | D:5      | Found a radiant altar of Vehumet.
  3518 | D:5      | Reached skill level 7 in Axes
  3996 | D:5      | Found Xify's Gadget Emporium.
  4004 | D:5      | Bought a wand of disintegration (12) for 224 gold pieces
  4004 | D:5      | Bought a wand of iceblast (4) for 112 gold pieces
  4031 | D:5      | Reached skill level 5 in Fighting
  4282 | D:6      | Reached *** piety under Trog
  4332 | D:6      | Found a sparkling altar of Nemelex Xobeh.
  4341 | D:6      | Reached XP level 7. HP: 11/61 MP: 6/6
  4614 | D:6      | Reached skill level 1 in Evocations
  4617 | D:6      | Reached skill level 8 in Axes
  4878 | D:6      | You fall into a shaft and drop 1 floor!
  4902 | D:7      | Reached skill level 5 in Dodging
  4902 | D:7      | Reached XP level 8. HP: 69/69 MP: 8/8
  4968 | D:8      | Reached skill level 9 in Axes
  5706 | D:7      | Found a sparkling altar of Nemelex Xobeh.
  5727 | D:7      | Found a staircase to the Ecumenical Temple.
  5748 | D:7      | Reached **** piety under Trog
  5977 | D:7      | Found Ovva Qyu's Assorted Antiques.
  6344 | D:6      | Reached skill level 10 in Axes
  6344 | D:6      | Reached XP level 9. HP: 66/78 MP: 10/10
  6741 | D:8      | Reached skill level 5 in Armour
  7017 | D:8      | Found a snail-covered altar of Cheibriados.
  7107 | D:9      | Found a shadowy altar of Dithmenos.
  7428 | D:9      | Noticed Prince Ribbit
  7892 | D:9      | Killed Prince Ribbit
  8014 | D:9      | Reached skill level 11 in Axes
  8112 | D:9      | Found a blossoming altar of Fedhas.
  8114 | D:9      | Found an ancient bone altar of Kikubaaqudgha.
  8248 | D:9      | Found a staircase to the Lair.
  8268 | D:9      | Reached XP level 10. HP: 62/86 MP: 12/12
  8552 | D:9      | Reached ***** piety under Trog
  8777 | D:9      | Found a staircase to the Orcish Mines.
  9079 | D:10     | Entered Level 10 of the Dungeon
  9122 | D:10     | Reached skill level 1 in Maces & Flails
  9241 | D:10     | Noticed a two-headed ogre
  9264 | D:9      | Reached skill level 5 in Evocations
  9286 | D:9      | Killed a two-headed ogre
 10026 | D:9      | Slain by an orc warrior

Illustrated notes

Levels and vault maps discovered:
D:1:      ncdulo_wetmaze, layout_rooms, minmay_box_of_dots
D:2:      layout_basic
D:3:      layout_loops_cross, serial_bayou_pond_d
D:4:      kennysheep_slugbush, layout_cave_pools, gammafunk_ghost_stat_death,
          tso_metal_star
D:5:      layout_basic, nicolae_overflow_hidden_temple, serial_shops,
          nicolae_shop_crystal, first_ration, minivault_24, uniq_menkaure
D:6:      layout_loops_ring, nemelex_diamond_rough_becter
D:7:      layout_rooms, minmay_temple_entry_antechambers, serial_shops,
          nicolae_shop_overgrown_old_shop, nemelex_lonely_heart_becter
D:8:      layout_rooms, kennysheep_mini
D:9:      layout_loops_corners, grunt_temple_overflow_growth_and_decay,
          nicolae_dithmenos_shadow_blocks, erik_lair_orcish_takeover,
          david_orc_4, hangedman_little_slice_of_home, uniq_prince_ribbit1
D:10:     cheibrodos_helix_gallery, layout_rooms, special_room
          [special_room_orc], serial_bayou, serial_bayou_shore_a,
          serial_bayou_ford_a, serial_bayou_pond_c, serial_bayou_crossing,
          uniq_grum

Skill      XL: |  1  2  3  4  5  6  7  8  9 10 |
---------------+-------------------------------+-----
Axes           | 4 5 6 7 8 10 11 | 11.7
Fighting       | 4 5 6 7 8 |  8.4
Dodging        | 3 4 5 6 7 |  7.8
Armour         | 3 4 6 7 |  7.8
Evocations     | 2 3 4 5 |  5.5
Maces & Flails | 3 |  3.5
Throwing       | |  0.8

Action                   |  1- 3 |  4- 6 |  7- 9 | 10-12 || total
-------------------------+-------+-------+-------+-------++-------
Melee: Hand axe          |    86 |     1 |       |       ||    87
       Headbutt          |    12 |    22 |    61 |    43 ||   138
       War axe           |       |   106 |   215 |    95 ||   416
       Mace              |       |       |       |    59 ||    59
Throw: Boomerang         |       |     4 |     2 |     1 ||     7
Invok: Trog's Hand       |       |     1 |       |       ||     1
       Berserk           |       |     1 |       |       ||     1
  Use: Scroll            |     4 |     6 |     2 |       ||    12
       Potion            |       |       |     4 |     3 ||     7
 Stab: Sleeping          |       |     2 |       |       ||     2
       Distracted        |       |     2 |       |       ||     2
  Eat: Chunk             |     1 |     5 |    12 |     4 ||    22
       Ration            |       |     2 |       |     1 ||     3
Armor: Animal skin       |    26 |    15 |       |       ||    41
       Leather armour    |       |     9 |       |       ||     9
       Ring mail         |       |     4 |    15 |       ||    19
       Skin              |       |       |    22 |       ||    22
       Scale mail        |       |       |    30 |    16 ||    46
       Chain mail        |       |       |       |    13 ||    13
Dodge: Dodged            |    67 |    72 |   181 |    71 ||   391
       Repelled          |       |       |    14 |     2 ||    16
